Cogmind - Beta 13 @@@ ROGUE MODE // 2024.05.26 @ 23:03:13 Player: pakman Result: Self-destructed Performance ------------- Evolutions (2) 1000 Regions Visited (3) 600 Robots Destroyed (32) 160 Value Destroyed (629) 629 Prototype IDs (2) 40 Alien Tech Used (0) 0 Bonus (0) 0 TOTAL SCORE: 2429 Bonus ------- None Cogmind --------- Core Integrity 484/550 Matter 241/300 Energy 100/100 System Corruption 0% Temperature Cool (0) Movement Walking (120) Location -8/Materials Parts ------- > --- POWER (1) -------- (None) > --- PROPULSION (3) --- Aluminum Leg Aluminum Leg Aluminum Leg > --- UTILITY (5) ------ Large Storage Unit Improved Terrain Scanner Transport Network Coupler > --- WEAPON (2) ------- Assault Rifle Light Assault Rifle > --- INVENTORY (15) --- Light Ion Engine Improved Ion Engine Aluminum Leg Heat Sink Improved Heat Sink Weight Redist. System Signal Interpreter Medium Laser Small Laser Grenade Launcher Datajack Peak State ------------ > --- POWER ------------ Light Ion Engine > --- PROPULSION ------- Aluminum Leg Aluminum Leg Aluminum Leg > --- UTILITY ---------- Large Storage Unit Weight Redist. System Improved Terrain Scanner > --- WEAPON ----------- Assault Rifle Light Assault Rifle > --- INVENTORY -------- Light Ion Engine Aluminum Leg Heat Sink Improved Heat Sink Signal Interpreter Transport Network Coupler Medium Laser Small Laser Grenade Launcher Datajack [Rating: 13] Favorites ----------- Power Light Ion Engine Engine Light Ion Engine Propulsion Aluminum Leg Leg Aluminum Leg Utility Large Storage Unit Device Improved Terrain Scanner Storage Large Storage Unit Processor Transport Network Coupler Weapon Medium Laser Energy Gun Medium Laser Ballistic Gun Light Assault Rifle Launcher Grenade Launcher Build | -11 -10 -9 -8 ------- Run | Yrd Mat Mat Mat Slots Evolved 4 | . . 2 2 Power . | . . . . Propulsion 1 | . . 1 . Utility 3 | . . 1 2 Weapon . | . . . . Parts Attached 41 | 7 28 6 . Power 5 | 1 4 . . Engine 5 | 1 4 . . Core . | . . . . Reactor . | . . . . Propulsion 11 | 2 8 1 . Treads . | . . . . Leg 11 | 2 8 1 . Wheel . | . . . . Hover . | . . . . Flight . | . . . . Utility 11 | 2 7 2 . Device 8 | 1 6 1 . Storage 2 | 1 1 . . Processor 1 | . . 1 . Hackware . | . . . . Protection . | . . . . Artifact . | . . . . Weapon 14 | 2 9 3 . Energy Gun 7 | 2 4 1 . Energy Cannon . | . . . . Ballistic Gun 4 | . 3 1 . Ballistic Cannon . | . . . . Launcher 3 | . 2 1 . Special Weapon . | . . . . Impact Weapon . | . . . . Slashing Weapon . | . . . . Piercing Weapon . | . . . . Special Melee Weapon . | . . . . Unidentified Prototypes . | . . . . Parts Lost 3 | . 2 . 1 Power 2 | . 1 . 1 Propulsion . | . . . . Utility . | . . . . Weapon 1 | . 1 . . Highest Loss Streak 1 | . 1 . 1 To Critical Strikes . | . . . . Average Slot Usage (%) 94 | . 96 93 81 Engine 12 | . 14 11 9 Leg 27 | . 26 30 27 Device 12 | . 13 11 9 Storage 12 | . 14 11 9 Processor 2 | . . 7 9 Energy Gun 15 | . 23 . . Ballistic Gun 8 | . 1 21 18 Naked Turns . | . . . . Heaviest Build 29 | 12 29 29 27 Greatest Support 36 | 20 20 36 30 Greatest Overweight (x) 8 | . 8 1 . Average Overweight (x) . | . . . . Largest Inventory Capacity 15 | 8 15 15 15 Average Capacity 13 | 7 13 15 15 Most Carried 15 | 7 15 12 11 Average Carried 8 | 5 7 10 11 Final Capacity 15 | 8 15 15 15 Final Carried 12 | 7 12 11 11 Class Distribution -------------------- 56% | Scavenger-Mutant 43% | Mutant Dominant Class ---------------- Mutant | -10/Materials Scavenger-Mutant | -9/Materials Scavenger-Mutant | -8/Materials Resources | -11 -10 -9 -8 ----------- Run | Yrd Mat Mat Mat Matter Collected 777 | 269 290 218 . Remotely . | . . . . Salvage Created 846 | 45 610 148 43 Parts 75 | 5 46 20 4 Haulers Intercepted 4 | . 2 1 1 Recyclers Shooed 1 | 1 . . . Parts Field Recycled . | . . . . Retrieved Matter . | . . . . Parts Self-Destructed . | . . . . Prevented . | . . . . Kills | -11 -10 -9 -8 ------- Run | Yrd Mat Mat Mat Combat Hostiles Destroyed 19 | . 14 5 . Guns 10 | . 9 1 . AOE 8 | . 4 4 . Classes Destroyed 8 | 1 6 1 . Worker 2 | . 1 1 . Tunneler 2 | 2 . . . Hauler 4 | . 2 1 1 Operator 1 | . 1 . . Watcher 4 | . 2 2 . Swarmer 7 | . 3 4 . Grunt 11 | . 11 . . Sentry 1 | . . 1 . Best Kill Streak 8 | 2 5 8 1 Combat Bots Only 4 | . 3 4 . Max Kills in Single Turn 4 | 1 2 4 1 Gunslinging . | . . . . Exploded 3 | . 2 3 . Melee . | . . . . Uniques/NPCs Destroyed . | . . . . Combat | -11 -10 -9 -8 -------- Run | Yrd Mat Mat Mat Hostile Shots Fired 119 | . 91 16 12 Missed 33 | . 24 6 3 Damage Taken 958 | . 683 120 155 Core 223 | . 142 15 66 Absorbed by Shields . | . . . . Regen/Repaired (Parts) 48 | . 48 . . Core Remaining (%) 79 | 100 43 96 . Volleys Fired 88 | 4 59 10 15 Largest 2 | 2 2 2 2 Hottest 115 | 90 115 60 40 Shots Fired 163 | 8 107 18 30 Gun 156 | 8 102 16 30 Cannon . | . . . . Launcher 7 | . 5 2 . Special . | . . . . Kinetic 51 | . 6 15 30 Thermal 105 | 8 96 1 . Explosive 7 | . 5 2 . Electromagnetic . | . . . . Robot Hit Streak 8 | 2 5 8 4 Robot Miss Streak 5 | 3 5 1 5 Penetration Max . | . . . . Secondary Targets 3 | . 3 . . Max Gunslinging Chain 1 | . 1 . . Shots Hit Robots 82 | 2 53 13 14 Core Hits 55 | 2 34 11 8 Critical Kills . | . . . . Critical Parts Destroyed . | . . . . Critical Strikes 5 | 1 4 . . Burn 5 | 1 4 . . Melee Attacks . | . . . . Impact . | . . . . Slashing . | . . . . Piercing . | . . . . Sneak Attacks . | . . . . Combat Hostiles . | . . . . Follow-up Attacks . | . . . . Damage Inflicted 1618 | 22 1021 432 143 Guns 1005 | 22 710 130 143 Cannons . | . . . . Explosions 613 | . 311 302 . Melee . | . . . . Ramming . | . . . . Kinetic 288 | . 15 130 143 Thermal 717 | 22 695 . . Explosive 613 | . 311 302 . Electromagnetic . | . . . . Impact . | . . . . Slashing . | . . . . Piercing . | . . . . Highest Corruption . | . . . . Average Corruption . | . . . . Corruption Purged . | . . . . Corruption Blocked . | . . . . Overload Shots . | . . . . Overflow Damage 16 | . . 16 . Projectiles . | . . . . Explosions 16 | . . 16 . Melee . | . . . . Knockbacks . | . . . . Impact . | . . . . Kinetic . | . . . . Secondary . | . . . . Self-Inflicted Damage . | . . . . Shots . | . . . . Rammed . | . . . . Targets Rammed . | . . . . Kicked . | . . . . Crushed . | . . . . Highest Temperature 520 | 60 520 6 3 Average Temperature 159 | 25 175 4 3 Received Heat Transfer 354 | . 246 27 81 Effects 10 | . 10 . . Shutdowns 3 | . 3 . . Energy Bleed 3 | . 3 . . Matter Decay 1 | . 1 . . Short Circuit 1 | . 1 . . Damage (minor) 2 | . 2 . . Siege Activations . | . . . . Robots Corrupted . | . . . . Combat Hostiles . | . . . . Parts Fried . | . . . . Impact Corruptions . | . . . . Robots Melted 1 | . 1 . . Combat Hostiles 1 | . 1 . . Parts Melted 6 | . 6 . . Heat Transferred 2334 | 136 2198 . . Parts Sabotaged . | . . . . Parts Stolen . | . . . . Parts Stripped . | . . . . Power Chain Reactions . | . . . . Alert | -11 -10 -9 -8 ------- Run | Yrd Mat Mat Mat Peak Influence 325 | 10 246 325 160 Initial 137 | . 6 93 137 Average 135 | 2 116 212 146 Maximum Alert Level 1 | . 1 1 . Low Security (%) 75 | 100 85 32 100 Level 1 24 | . 14 67 . Level 2 . | . . . . Level 3 . | . . . . Level 4 . | . . . . Level 5 . | . . . . High Security . | . . . . Max Security . | . . . . Squads Dispatched 5 | . 2 2 1 Investigation 2 | . 2 . . Extermination . | . . . . Reinforcement 3 | . . 2 1 Assault . | . . . . Garrison . | . . . . Intercept . | . . . . Searches Triggered . | . . . . Construction Impeded . | . . . . Haulers Reinforced . | . . . . Active Scanning Responses . | . . . . Cargo Convoy Interrupts . | . . . . Stealth | -11 -10 -9 -8 --------- Run | Yrd Mat Mat Mat Distress Signals 3 | . 3 . . Communications Jammed . | . . . . Distress Signals . | . . . . Times Spotted 33 | . 20 9 4 Peak Tracking Total 6 | . 4 6 3 Tactical Retreats 1 | . . 1 . Traps | -11 -10 -9 -8 ------- Run | Yrd Mat Mat Mat Traps Triggered 4 | . 4 . . Indirectly . | . . . . Trap Hack Attempts . | . . . . Triggered . | . . . . Disarmed . | . . . . Reprogrammed . | . . . . Reused . | . . . . Traps Extracted . | . . . . Installed . | . . . . Triggered . | . . . . Machines | -11 -10 -9 -8 ---------- Run | Yrd Mat Mat Mat Machines Disabled 1 | . 1 . . Max in Single Turn 1 | . 1 . . Machines Repaired . | . . . . Machines Dismantled . | . . . . Machines Sabotaged . | . . . . Overloaded Fab Kills . | . . . . Hacking | -11 -10 -9 -8 --------- Run | Yrd Mat Mat Mat Machines Accessed 11 | . 6 4 1 Terminals 10 | . 5 4 1 Fabricators . | . . . . Repair Stations 1 | . 1 . . Recycling Units . | . . . . Scanalyzers . | . . . . Garrison Access . | . . . . Total Hacks 33 | . 18 12 3 Successful 14 | . 8 6 . Failed 19 | . 10 6 3 Catastrophic 2 | . 1 . 1 Database Lockouts . | . . . . Manual 21 | . 12 8 1 Terminals 28 | . 13 12 3 Fabricators . | . . . . Repair Stations 5 | . 5 . . Recycling Units . | . . . . Scanalyzers . | . . . . Garrison Access . | . . . . Terminal Hacks 3 | . 1 2 . Robot Analysis 1 | . . 1 . Prototype ID Bank 1 | . 1 . . Branch Access Points 1 | . . 1 . Fabricator Hacks . | . . . . Repair Station Hacks 4 | . 4 . . Scan Component 2 | . 2 . . Repair 2 | . 2 . . Recycling Unit Hacks . | . . . . Scanalyzer . | . . . . Garrison Access Hacks . | . . . . Unauthorized Hacks 7 | . 3 4 . Terminals 7 | . 3 4 . Assimilate 2 | . 1 1 . Botnet 5 | . 2 3 . Fabricators . | . . . . Repair Stations . | . . . . Recycling Units . | . . . . Scanalyzers . | . . . . Garrison Access . | . . . . Data Cores Recovered 1 | . 1 . . Used 1 | . 1 . . Hacking Detections 11 | . 6 4 1 Full Trace Events 2 | . 2 . . Feedback Events . | . . . . Feedback Blocked . | . . . . Robot Schematics Acquired . | . . . . Robots Built . | . . . . Authchips . | . . . . Time . | . . . . Total Robot Build Rating . | . . . . Part Schematics Acquired . | . . . . Parts Built . | . . . . Authchips . | . . . . Time . | . . . . Total Part Build Rating . | . . . . Parts Repaired 2 | . 2 . . Time 58 | . 58 . . Parts Recycled . | . . . . Recycled Matter . | . . . . Retrieved Matter . | . . . . Retrieved Components . | . . . . Parts Scanalyzed . | . . . . Part Schematics Acquired . | . . . . Parts Damaged . | . . . . Bothacking | -11 -10 -9 -8 ------------ Run | Yrd Mat Mat Mat Used RIF Installer . | . . . . Robots Hacked . | . . . . Non-combat . | . . . . Combat . | . . . . Robot Hacks Applied . | . . . . Relay Couplers Released . | . . . . Fabnet Peak Effective % . | . . . . Robots Rewired . | . . . . Allies Hacked . | . . . . Hacks Repelled . | . . . . Allies | -11 -10 -9 -8 -------- Run | Yrd Mat Mat Mat Total Allies . | . . . . Largest Group . | . . . . Highest-Rated Group . | . . . . Highest-Rated Ally . | . . . . Total Orders . | . . . . Ally Attacks . | . . . . Total Damage . | . . . . Kills . | . . . . Allies Corrupted . | . . . . Allies Melted . | . . . . Intel | -11 -10 -9 -8 ------- Run | Yrd Mat Mat Mat Robot Analysis Total 1 | . . 1 . Derelict Logs Recovered . | . . . . Drone Launches . | . . . . Drone Recoveries . | . . . . Exploration | -11 -10 -9 -8 ------------- Run | Yrd Mat Mat Mat Turns Passed 1645 | 93 1008 392 152 Spaces Moved 812 | 59 405 257 91 Core 19 | 10 9 . . Treads . | . . . . Legs 793 | 49 396 257 91 Wheels . | . . . . Hover . | . . . . Flight . | . . . . Fastest Speed 50 | 50 120 120 120 Average Speed 150 | 108 173 135 120 Slowest Speed 450 | 120 450 190 120 Overloaded Moves . | . . . . Propulsion Burnouts . | . . . . Robots Hopped . | . . . . Cave-ins Triggered . | . . . . Exploration Rate (%) 24 | 4 60 24 11 Regions Visited 3 Branch Regions . Pre-discovered Areas . | . . . . Known Exits Taken . | . . . . Unknown Exits Taken 3 | 1 1 1 . Scrap Searched . | . . . . Spaces Dug . | . . . . Terrain Destroyed 50 | . 39 11 . Melee . | . . . . Projectile . | . . . . AOE 50 | . 39 11 . Terrain Rammed . | . . . . Walls Destroyed . | . . . . Machines Disabled . | . . . . Actions | -11 -10 -9 -8 --------- Run | Yrd Mat Mat Mat Total 1066 | 77 600 283 106 Wait 85 | . 75 10 . Move 809 | 58 404 256 91 Hop . | . . . . Pick Up 33 | 8 24 1 . Fast Attach 7 | 6 1 . . Attach 14 | 1 11 2 . Detach 1 | . 1 . . Swap 20 | . 16 4 . Drop 9 | . 9 . . Fire 88 | 4 59 10 15 Melee . | . . . . Ram . | . . . . Kick . | . . . . Crush . | . . . . Escape Stasis . | . . . . Rewire . | . . . . Trap . | . . . . Miscellaneous . | . . . . Route ------- -11/Scrapyard -10/Materials (discovered 2 exits: *Mat / [*Min]) -9/Materials (discovered 3 exits: *Mat / Min / Sto) -8/Materials History --------- Turn | Location | Event 8 | -11/Scrapyard | Discovered new exit (range 15) 94 | -11/Scrapyard | Entered Materials 193 | -10/Materials | Repaired Lgt. Ion Engine 281 | -10/Materials | Repaired Particle Gun 302 | -10/Materials | Build established: Mutant 839 | -10/Materials | Core integrity fell below 50% 867 | -10/Materials | Discovered new exit (range 11) 1060 | -10/Materials | Discovered new exit (range 9) 1102 | -10/Materials | Entered another Materials area 1102 | -9/Materials | Evolved 2 slots: Propulsion x1, Utility x1 1395 | -9/Materials | Build established: Scavenger-Mutant 1417 | -9/Materials | Identified exit to Mines 1417 | -9/Materials | Identified exit to Storage 1487 | -9/Materials | Discovered new exit (range 7) 1494 | -9/Materials | Entered another Materials area 1494 | -8/Materials | Evolved 2 slots: Utility x2 1646 | -8/Materials | Self-destructed Last Messages --------------- 01457_ Y-45 Defender destroyed. 01460_ Acquired 51 matter. 01461_ K-01 Serf collects debris. 01465_ Acquired Imp. Ion Engine. 01468_ K-01 Serf collects debris. 01487_ EXIT=FOUND PARAMETERS=UTILITY+2 LOCATION=UNKNOWN GOAL=ESCAPE 01538_ Connecting with Terminal... 01538_ Current location identified: Materials 01566_ O-16 Technician: "IFF HANDSHAKE FAILED. SECURING TERMINAL." 01570_ ALERT: Hostiles spotted, dispatching reinforcements to Terminal M006. 01582_ K-01 Serf cleans the Terminal. 01587_ K-01 Serf collects debris. 01611_ A-02 Transporter destroyed. 01643_ R-06 Scavenger collects Lgt. Treads. 01645_ Lgt. Ion Engine destroyed. Map ----- +----------------------------------------------------+ | ???????????????????????????????????????????? | | ?????????????? ??????????????? ????????????? | | ????????????????? ? ???+???? ??????????????? | | ????????????????????? ?????????????????????? | | ???????????????#??######????????#??????????? | | ??????????????????[ #???????????????????? | | ?????????????????? #???????????????????? | | ???????????????????""" #???????????????????? | | ????? ???????????""" #?#?#????????#??????? | | ????# ??? ????????"" #######?????????????? | | ????# ????????#??? # ######## ##?## | | ????# ?????########+## "" ? ? | | ????# ###### T ?? | | ????# # # #### #### ??? | | ??#?# # ! # #??# #??# ########?#/###? | | ????# # # #??# #??## ##???#??? #? | | ????# # [ # #??# #??## #???????? #? | | ????# # # #??# #???# #?????#? """ #? | | ????# #! [# #??# #???# ######## """ #? | | ????# # # #??# #???# + """ #? | | ????# # + #?## #?#?# ######## #? | | ????# ###### #??# #??## #???????#######? | | ????# #??# ##??## ###########????? | | ????# #########?# ##???# ?? | | ????# #????#????# #??#?# ?? | | ???## #?????????#@##???# ?? | | ??#?# #????#????#g#????## ########?#? | | ????# ##??????#?#g#??#??# #?????????? | | #???# #???? ????#g#?????#! !#?????????? | | ????# ##??????? #r#?????##!!!!###???#????? | | ????# #??????? ?; ###??#??#####??????????? | | ????# #?????????#[#???????#???#??????????? | | ????# #??? ??? ?#=#???????#??????????????? | | ??#?#####?????? ?#=#?????#??#?????????????? | | ????????????#??#???%????????????????????#??? | | ????????????????? ?=??#????#???????????????? | | ???????????? ??????=#??????????????????????? | | ???????????????????[???????????????????????? | | ???????????????????=???????????????????????? | | ???????????????????*???????????????????????? | | ??????????????????? ???????????????????????? | | ???????????????????????????????????????????? | | ???????????????????????????????????????????? | | ???????????????????????????????????????????? | | ???????????????????????????????????????????? | | ???????????????????????????????????????????? | | ???????????????????????????????????????????? | | ???????????????????????????????????????????? | | ???????????????????????????????????????????? | | ???????????????????????????????????????????? | +----------------------------------------------------+ Best States ------------- Heat Dissipation 39 Energy Generation 10 Energy Capacity 125 Matter Stores 300 Matter Capacity 300 Sight Range 16 Terrain Scan Range 16 Terrain Scan Density 10 Additional Mass Support 6 Evasion (%) 55 Item Schematics ----------------- None Robot Schematics ------------------ None Fabricated ------------ Nothing Alien Tech Used ----------------- None Achievements -------------- None Challenges ------------ None Game ------ Seed SpliceTiamatShotgun Manual? 0 Play Time 00:44:21 Cumulative 20.9 hours Start 2024.05.25 @ 14:49:24 End 2024.05.26 @ 23:03:13 Sessions 5 Manual Loads 0 Difficulty Rogue Special Mode None Game No. 26 Rogue 26 Adventurer 0 Explorer 0 Win Type - Total 0 Types 0/0/0/0/0/0/0/0/0 Lore% 10 Gallery% 20 Achievement% 19 Wizard Run 0 Options --------- Layout 1 ASCII 0 Keyboard 1 Movement Numpad Keybinds 0 Fullscreen 2 Font 24/Crisp Map View 50x35 Zoom Use 0% Tactical HUD 1 Map Filters NONE Filters NONE Steam 1 RUN: b759ddec-ec83-4d07-ae54-dd8f17c6c2de